[Event "Titled Tuesday Blitz March 01 Late 2022"]
[White "Yuan, Qingyu"]
[Black "Indjic, Aleksandar"]
[WhiteFideId "8609772"]
[BlackFideId "911925"]
[WhiteElo "2359"]
[BlackElo "2616"]
[Result "0-1"]
[Round "08"]
[TimeControl "180+1"]
[Date "2022.03.01"]
[WhiteClock "0:00:02"]
[BlackClock "0:00:15"]

1. e4 c6 2. Nf3 d5 3. Nc3 Bg4 4. h3 Bxf3 5. Qxf3 e6 6. Be2 Bc5 7. O-O Nd7 8. exd5 exd5 9. Re1 Ne7 10. Na4 Bd4 11. c3 Bf6 12. d4 O-O 13. Bd3 Ng6 14. b3 b5 15. Nb2 a5 16. Be3 b4 17. cxb4 axb4 18. Na4 Re8 19. Rac1 Rc8 20. g3 Ngf8 21. Ba6 Rc7 22. Re2 Ne6 23. Qg4 g6 24. Rec2 h5 25. Qd1 Qa8 26. Bf1 h4 27. gxh4 Bxh4 28. Bg2 Nf6 29. Qd3 Ng7 30. Nb6 Qd8 31. Bf4 Rce7 32. Rxc6 Kh7 33. Kh2 Ngh5 34. Bc7 Rxc7 35. Rxc7 Kg7 36. Qf3 Bg5 37. R1c6 Bf4+ 38. Kh1 Bxc7 39. Na4 Re1+ 40. Bf1 Rxf1+ 41. Kg2 Re1 42. Rxf6 Nxf6 43. Nc5 Ne4 44. Nd3 Qg5+ 45. Qg4 Qxg4+ 46. hxg4 Rd1 47. Nxb4 Rd2 48. Kf3 Rxf2+ 49. Ke3 Bf4+ 0-1


[Site "https://www.chess.com"]

[Event "Titled Tuesday Blitz March 01 Late 2022"]
[White "Zhou, Qiyu"]
[Black "Gerbelli Neto, Eduardo"]
[WhiteFideId "505161"]
[BlackFideId "2103281"]
[WhiteElo "1925"]
[BlackElo "2178"]
[Result "0-1"]
[Round "08"]
[TimeControl "180+1"]
[Date "2022.03.02"]
[WhiteClock "0:00:02"]
[BlackClock "0:00:35"]

1. e4 e5 2. Nf3 Nc6 3. Bb5 a6 4. Ba4 d6 5. c3 f5 6. d3 Be7 7. O-O Nf6 8. Bb3 d5 9. exd5 Nxd5 10. Re1 Bf6 11. d4 e4 12. Ne5 O-O 13. Nxc6 bxc6 14. Nd2 Kh8 15. Nf1 Qd6 16. Bd2 Rb8 17. Ne3 Nxe3 18. fxe3 Be6 19. c4 c5 20. d5 Bf7 21. Bc3 Bxc3 22. bxc3 Qe5 23. Qd2 Bh5 24. Rf1 Rbd8 25. Rf2 Rd6 26. Raf1 Rdf6 27. g3 g5 28. Bd1 Bxd1 29. Qxd1 Qxc3 30. Qh5 Qxe3 31. d6 cxd6 32. Kh1 f4 0-1


[Site "https://www.chess.com"]

[Event "Titled Tuesday Blitz March 01 Late 2022"]
[White "Zubritskiy, Artyom"]
[Black "Tomiello, Mateus Costamilan"]
[WhiteFideId "4181247"]
[BlackFideId "22701958"]
[WhiteElo "2459"]
[BlackElo "1975"]
[Result "1-0"]
[Round "08"]
[TimeControl "180+1"]
[Date "2022.03.01"]
[WhiteClock "0:00:06"]
[BlackClock "0:00:04"]

1. d4 Nf6 2. c4 e6 3. g3 d5 4. Nf3 a6 5. cxd5 exd5 6. Bg2 Be7 7. O-O O-O 8. Bf4 c6 9. Nbd2 Nbd7 10. Qc2 Re8 11. Rad1 Bf8 12. Rfe1 Ne4 13. Nxe4 dxe4 14. Ng5 Nf6 15. Nxe4 Nd5 16. Ng5 g6 17. Bc1 h6 18. Nf3 Bf5 19. e4 Nb4 20. Qb1 Be6 21. a3 Ba2 22. Qa1 Bb3 23. axb4 Bxd1 24. Rxd1 Rxe4 25. Be3 Re8 26. Ne5 Bg7 27. Nd3 Qd6 28. Nc5 b6 29. Nd3 a5 30. bxa5 Rxa5 31. Qc1 Bxd4 32. Qxc6 Rd8 33. Qxd6 Rxd6 34. Nf4 Be5 35. Nd5 Kg7 36. b4 Rb5 37. Kf1 Bb2 38. Ke2 Ba3 39. Bd4+ Kf8 40. Bc3 Rc6 41. Kd3 Rd6 42. Kc4 Rbxd5 43. Bxd5 Ke7 44. Re1+ Kd7 45. Ra1 b5+ 46. Kc5 Bb2 47. Bxb2 Rf6 48. Ra7+ Kc8 49. Bxf6 Kb8 50. Kb6 Kc8 51. Bc6 1-0


[Site "https://www.chess.com"]

[Event "Titled Tuesday Blitz March 01 Late 2022"]
[White "Adewumi, Tanitoluwa"]
[Black "Maze, Sebastien"]
[WhiteFideId "30966396"]
[BlackFideId "613762"]
[WhiteElo "2548"]
[BlackElo "2462"]
[Result "0-1"]
[Round "09"]
[TimeControl "180+1"]
[Date "2022.03.01"]
[WhiteClock "0:00:05"]
[BlackClock "0:00:55"]

1. Nf3 d5 2. c4 d4 3. e4 c5 4. a3 a5 5. d3 Nc6 6. g3 e5 7. Bg2 Bd6 8. O-O Nge7 9. Nh4 h6 10. f4 exf4 11. gxf4 g5 12. fxg5 hxg5 13. Bxg5 Qc7 14. h3 Ne5 15. Qe2 Be6 16. Nf5 O-O-O 17. Nd2 Rdg8 18. Nxd6+ Qxd6 19. Bf6 Rxh3 20. Nf3 Nxf3+ 21. Rxf3 Qh2+ 22. Kf1 Bg4 23. Bxh3 Bxh3+ 24. Ke1 Rg1+ 25. Kd2 Rg2 26. Re1 Bg4 27. Bxe7 0-1


[Site "https://www.chess.com"]

[Event "Titled Tuesday Blitz March 01 Late 2022"]
[White "Aggelis, Nikolaos"]
[Black "Ashiev, Eduard"]
[WhiteFideId "4213220"]
[BlackFideId "4130090"]
[WhiteElo "2154"]
[BlackElo "2004"]
[Result "0-1"]
[Round "09"]
[TimeControl "180+1"]
[Date "2022.03.02"]
[WhiteClock "0:00:14"]
[BlackClock "0:00:11"]

1. c4 c5 2. Nc3 g6 3. e3 Bg7 4. g3 d6 5. Bg2 e5 6. Nge2 Nc6 7. O-O Nge7 8. d3 O-O 9. Rb1 Rb8 10. a3 a5 11. Nd5 b5 12. Nxe7+ Nxe7 13. Bd2 b4 14. axb4 axb4 15. Ra1 Bb7 16. Bxb7 Rxb7 17. Qa4 d5 18. Rfd1 Qc8 19. cxd5 Nxd5 20. Rac1 Rc7 21. Qa5 h5 22. d4 exd4 23. exd4 h4 24. Rxc5 Rxc5 25. Qxc5 Qe6 26. Nf4 Nxf4 27. Bxf4 h3 28. Be5 Qg4 29. f3 Qxf3 30. Qc2 Bh6 31. Bf4 Bxf4 32. gxf4 Qxf4 33. Qf2 Qg4+ 34. Qg3 Qxd1+ 0-1


[Site "https://www.chess.com"]

[Event "Titled Tuesday Blitz March 01 Late 2022"]
[White "Antonova, Nadezhda"]
[Black "Toncheva, Nadya"]
[WhiteFideId "14700182"]
[BlackFideId "2924056"]
[WhiteElo "1765"]
[BlackElo "1920"]
[Result "0-1"]
[Round "09"]
[TimeControl "180+1"]
[Date "2022.03.02"]
[WhiteClock "0:00:30"]
[BlackClock "0:00:07"]

1. Nf3 Nf6 2. b3 d5 3. Bb2 Bf5 4. g3 e6 5. Bg2 c5 6. O-O Nc6 7. d3 Be7 8. Nh4 Bg6 9. Nxg6 hxg6 10. Nd2 Qc7 11. h3 O-O-O 12. Qe1 g5 13. e4 d4 14. a3 g4 15. hxg4 Nxg4 16. Qe2 Nf6 17. Nc4 b5 18. Nd2 Rh6 19. Bc1 Rdh8 20. Nf3 Rh5 21. Bf4 Qd8 22. a4 b4 23. e5 Nd5 24. Nd2 g5 25. g4 Nxf4 26. Qf3 Nd5 27. gxh5 g4 28. Qxg4 Rg8 29. Qf3 Qf8 30. Ne4 Nxe5 31. Qe2 Nf4 32. Qf3 Nxf3+ 33. Kh1 Rxg2 34. Ng3 Qh6 35. Rg1 Rxg1+ 36. Rxg1 Nxg1 37. Kxg1 Nxh5 38. Ne4 Qc1+ 39. Kh2 Qxc2 40. Kg2 Qxb3 41. Kf3 Qxd3+ 42. Kg4 Qxe4+ 43. Kxh5 Qg6# 0-1


[Site "https://www.chess.com"]

[Event "Titled Tuesday Blitz March 01 Late 2022"]
[White "Ardila, Oscar Humberto"]
[Black "Kaplan, Ebru"]
[WhiteFideId "4404742"]
[BlackFideId "6315194"]
[WhiteElo "1898"]
[BlackElo "1941"]
[Result "1-0"]
[Round "09"]
[TimeControl "180+1"]
[Date "2022.03.02"]
[WhiteClock "0:02:22"]
[BlackClock "0:01:56"]

1. d4 d5 2. c4 c6 3. cxd5 cxd5 4. Nc3 Nf6 5. Nf3 Nc6 6. Bf4 a6 7. e3 e6 8. Be2 Bd6 9. Bxd6 Qxd6 10. O-O O-O 11. Rc1 b5 12. a4 b4 13. Nb1 a5 14. Bb5 Ne7 15. Ne5 Ba6 16. Nd2 Ng6 17. Rc6 Qd8 18. Rxa6 1-0


[Site "https://www.chess.com"]

[Event "Titled Tuesday Blitz March 01 Late 2022"]
[White "Babazada, Khazar"]
[Black "Bortnyk, Olexandr"]
[WhiteFideId "13413554"]
[BlackFideId "14120828"]
[WhiteElo "2418"]
[BlackElo "2723"]
[Result "0-1"]
[Round "09"]
[TimeControl "180+1"]
[Date "2022.03.01"]
[WhiteClock "0:00:04"]
[BlackClock "0:00:05"]

1. e4 Nf6 2. e5 Nd5 3. Nc3 Nb6 4. a4 a5 5. Nf3 d5 6. d4 Bg4 7. Be2 e6 8. Ng5 Bxe2 9. Qxe2 Be7 10. h4 h6 11. Nh3 Nc6 12. Nb5 Bxh4 13. Qg4 g6 14. Nf4 Be7 15. Nxe6 fxe6 16. Qxe6 Qd7 17. Qxg6+ Kd8 18. Bf4 Qe8 19. Qg4 h5 20. Qe2 Qf7 21. g3 Qf5 22. O-O-O Nxa4 23. e6 Rc8 24. f3 Nb6 25. Qh2 Qxe6 26. Rhe1 Qd7 27. g4 h4 28. g5 Rg8 29. Qxh4 Nb4 30. Qh7 Re8 31. g6 Qxb5 32. Rxe7 Rxe7 33. Bg5 Qe2 34. Bxe7+ Qxe7 35. g7 Kd7 36. Kb1 Nc4 37. Rg1 Nd2+ 38. Kc1 Nxf3 39. Qf5+ Kc6 40. Qxf3 Rg8 41. c3 Na2+ 42. Kb1 Rxg7 43. Rxg7 Qxg7 44. Kxa2 Qe7 45. Qf5 Qd7 46. Qe5 Kb6 47. Kb3 Qb5+ 48. Ka3 Qc6 49. Qe7 Qd6+ 50. Qxd6+ cxd6 51. Ka4 Ka6 52. Ka3 Kb5 53. b3 b6 54. Ka2 Kc6 55. Ka3 b5 56. b4 a4 0-1


[Site "https://www.chess.com"]

[Event "Titled Tuesday Blitz March 01 Late 2022"]
[White "Balint, Vilmos"]
[Black "Kulon, Klaudia"]
[WhiteFideId "718050"]
[BlackFideId "1131044"]
[WhiteElo "2059"]
[BlackElo "2281"]
[Result "0-1"]
[Round "09"]
[TimeControl "180+1"]
[Date "2022.03.02"]
[WhiteClock "0:00:06"]
[BlackClock "0:00:06"]

1. d4 d5 2. Bf4 g6 3. Nc3 Bg7 4. h4 Nf6 5. e3 O-O 6. Be2 h6 7. Nf3 c5 8. Nb5 Na6 9. a4 c4 10. c3 Bf5 11. Ne5 h5 12. Nf3 Nd7 13. Ng5 f6 14. Nf3 Be4 15. Rh3 e5 16. dxe5 fxe5 17. Bg5 Qe8 18. Nd6 Qe6 19. Nxe4 dxe4 20. Nd2 Rac8 21. Nxe4 Ndc5 22. Nd6 Nd3+ 23. Bxd3 cxd3 24. Nxc8 Rxc8 25. Qxd3 Nc5 26. Qe2 e4 27. Rd1 Qb3 28. Qb5 Qc2 29. Rd2 Nd3+ 30. Ke2 Nc1+ 31. Ke1 Nd3+ 32. Ke2 Qb1 33. Rxd3 exd3+ 34. Qxd3 Qxb2+ 35. Qd2 Qb3 36. e4 Qxa4 37. Qd5+ Kh7 38. Rd3 b5 39. Bd2 a5 40. Rg3 Rf8 41. Qg5 Rf6 42. e5 Re6 43. f4 Qe4+ 44. Re3 Qc2 45. g4 hxg4 46. h5 gxh5 47. Qxh5+ Rh6 48. Qxg4 Rh2+ 49. Kf3 Qxd2 50. Qf5+ Kh8 51. Ke4 Qc2+ 52. Rd3 Re2+ 53. Kd5 Rd2 54. Qh5+ Kg8 55. Qe8+ Kh7 56. Qh5+ Kg8 57. Qe8+ Bf8 58. Qe6+ Kg7 59. Qf6+ Kh7 60. Rxd2 Qxd2+ 61. Ke6 Bg7 62. Qf5+ Kh8 63. Qh5+ Kg8 64. Qe8+ Kh7 65. f5 Qh6+ 66. f6 Qh3+ 67. Kf7 Qh5+ 68. Ke7 Qxe5+ 69. Kd7 Qxf6 70. Qh5+ Qh6 71. Qf5+ Qg6 72. Qh3+ Kg8 73. Qf3 b4 74. Qd5+ Qf7+ 75. Qxf7+ Kxf7 0-1


[Site "https://www.chess.com"]

[Event "Titled Tuesday Blitz March 01 Late 2022"]
[White "Bellissimo, Joseph F."]
[Black "Petrovic, Aleksa"]
[WhiteFideId "2609843"]
[BlackFideId "967629"]
[WhiteElo "2582"]
[BlackElo "2488"]
[Result "0-1"]
[Round "09"]
[TimeControl "180+1"]
[Date "2022.03.02"]
[WhiteClock "0:00:10"]
[BlackClock "0:00:10"]

1. e4 e5 2. Nf3 Nc6 3. Bc4 Nf6 4. d4 exd4 5. e5 d5 6. Bb5 Nd7 7. c3 a6 8. Bxc6 bxc6 9. cxd4 c5 10. O-O cxd4 11. Qxd4 Bb7 12. Re1 Nc5 13. Bg5 Qd7 14. Nc3 Ne6 15. Qg4 h6 16. Bh4 g5 17. Bg3 h5 18. Qf5 h4 19. Nxg5 hxg3 20. hxg3 Nxg5 21. Qxg5 Qe6 22. Ne2 Be7 23. Qe3 O-O-O 24. Rac1 Kb8 25. Nd4 Qh6 26. f4 c5 27. Nf3 d4 28. Qb3 Ka7 29. e6 fxe6 30. Rxe6 Qh1+ 31. Kf2 Qxc1 32. Rxe7 Rb8 33. a4 Rh1 34. Ne1 Qd2+ 35. Re2 Qa5 36. Nd3 Qc7 37. Ne5 Ka8 38. Rc2 Bxg2 39. Qc4 Bb7 40. Qe6 Rh2+ 41. Kg1 Rxc2 42. Nc4 Rxc4 43. Qxc4 Qc6 44. Kf1 Qg2+ 45. Ke1 Re8+ 46. Kd1 Bf3+ 47. Kc1 Re1# 0-1


[Site "https://www.chess.com"]

[Event "Titled Tuesday Blitz March 01 Late 2022"]
[White "Bibasa, Bob"]
[Black "Weetik, Vjacheslav"]
[WhiteFideId "10000240"]
[BlackFideId "4153472"]
[WhiteElo "2056"]
[BlackElo "2469"]
[Result "1-0"]
[Round "09"]
[TimeControl "180+1"]
[Date "2022.03.01"]
[WhiteClock "0:01:20"]
[BlackClock "0:00:31"]

1. e4 c6 2. d4 d5 3. exd5 cxd5 4. Bd3 Nc6 5. c3 Qc7 6. f4 Nh6 7. Nf3 Bf5 8. O-O e6 9. Ne5 Be7 10. Na3 Bxa3 11. bxa3 Bxd3 12. Qxd3 Nf5 13. a4 O-O 14. Ba3 Rfc8 15. Rac1 Qa5 16. g4 Nh6 17. f5 Qxa4 18. Bd6 f6 19. g5 Nxf5 20. gxf6 gxf6 21. Rxf5 exf5 22. Qxf5 fxe5 23. Qg5+ Kh8 24. Qf6+ Kg8 25. Kh1 1-0


[Site "https://www.chess.com"]

[Event "Titled Tuesday Blitz March 01 Late 2022"]
[White "Bon, Michael"]
[Black "Cagara, Paulina"]
[WhiteFideId "620696"]
[BlackFideId "1124870"]
[WhiteElo "2359"]
[BlackElo "1828"]
[Result "1-0"]
[Round "09"]
[TimeControl "180+1"]
[Date "2022.03.02"]
[WhiteClock "0:00:31"]
[BlackClock "0:01:08"]

1. e4 c6 2. d4 d5 3. Nc3 a6 4. Nf3 Bg4 5. h3 Bh5 6. g4 Bg6 7. e5 e6 8. Be3 c5 9. dxc5 Nd7 10. b4 a5 11. a3 axb4 12. axb4 Rxa1 13. Qxa1 Bxc2 14. Nd4 Bg6 15. Bb5 Ne7 16. Qa4 Nc8 17. O-O Be7 18. f4 h5 19. g5 O-O 20. Bxd7 h4 21. Kh2 Bf5 22. Nxf5 exf5 23. Nxd5 Na7 24. Rd1 Nc6 25. Bxc6 bxc6 26. Nf6+ Bxf6 27. Rxd8 Bxd8 28. Qxc6 f6 29. gxf6 gxf6 30. e6 1-0


[Site "https://www.chess.com"]

[Event "Titled Tuesday Blitz March 01 Late 2022"]
[White "Cardoso Cardoso, Jose Gabriel"]
[Black "Hjartarson, Johann"]
[WhiteFideId "4430492"]
[BlackFideId "2300044"]
[WhiteElo "2451"]
[BlackElo "2484"]
[Result "0-1"]
[Round "09"]
[TimeControl "180+1"]
[Date "2022.03.01"]
[WhiteClock "0:00:03"]
[BlackClock "0:00:04"]

1. d4 Nf6 2. c4 e6 3. g3 c5 4. Nf3 cxd4 5. Nxd4 Bb4+ 6. Bd2 Qb6 7. Bg2 O-O 8. O-O Bxd2 9. Qxd2 d5 10. cxd5 exd5 11. Nc3 Nc6 12. e3 Rd8 13. Rac1 Be6 14. Na4 Qa5 15. Qxa5 Nxa5 16. Rc2 Nc4 17. b3 Nd6 18. Nc5 Bc8 19. Rfc1 h6 20. Nd3 Nde4 21. Rc7 Rb8 22. Ne5 Nd6 23. Bf1 a6 24. a4 Re8 25. Nd3 Nf5 26. Nf4 Nxd4 27. exd4 Bf5 28. f3 g5 29. Ne2 Re3 30. Kf2 Rxb3 31. a5 g4 32. fxg4 Nxg4+ 33. Kg1 Ne3 34. Nf4 Be4 35. Bh3 Rb2 36. Nh5 b6 37. Nf6+ Kg7 38. Nd7 Rd8 39. axb6 Bf5 40. Bxf5 Nxf5 41. Rd1 Ne3 42. Re1 Nf5 43. Ne5 Nxd4 44. Rxf7+ Kg8 45. Rf6 Re8 46. Rxh6 Rxe5 47. Rg6+ Kf7 48. Rxe5 Nf3+ 49. Kf1 Nxe5 50. Rd6 Nf3 51. Rxd5 Nxh2+ 52. Ke1 Rxb6 53. Rh5 Ng4 54. Rf5+ Kg6 55. Rf4 Nf6 56. Ke2 a5 57. Ra4 Ra6 58. Kf3 Nd5 59. g4 Kg5 60. Rd4 Nc3 61. Rc4 Na2 62. Rc5+ Kg6 63. Kf4 a4 64. g5 a3 65. Rc8 Nb4 66. Rg8+ Kf7 67. Rb8 a2 68. Rb7+ Ke6 69. Rxb4 a1=Q 70. Re4+ Kd5 71. Re1 Ra4+ 72. Re4 Qf1+ 0-1


[Site "https://www.chess.com"]

[Event "Titled Tuesday Blitz March 01 Late 2022"]
[White "Caruana, Fabiano"]
[Black "Riazantsev, Alexander"]
[WhiteFideId "2020009"]
[BlackFideId "4125029"]
[WhiteElo "2744"]
[BlackElo "2595"]
[Result "1/2-1/2"]
[Round "09"]
[TimeControl "180+1"]
[Date "2022.03.01"]
[WhiteClock "0:00:11"]
[BlackClock "0:00:08"]

1. d4 d5 2. Bf4 Nf6 3. e3 c5 4. Nf3 Nc6 5. Be2 cxd4 6. exd4 Bf5 7. c3 e6 8. O-O Bd6 9. Bxd6 Qxd6 10. Nbd2 h6 11. Re1 O-O 12. Nf1 Qc7 13. Ng3 Bh7 14. Bd3 Bxd3 15. Qxd3 Rab8 16. a4 a6 17. Ne5 Nxe5 18. dxe5 Nd7 19. Nh5 g6 20. Qg3 Kh7 21. Nf4 Rbc8 22. Rad1 Qb6 23. Nd3 Rc4 24. Ra1 Qc7 25. Qf3 Kg7 26. h3 Rc8 27. Re2 Qd8 28. g3 Nc5 29. Nxc5 R8xc5 30. h4 h5 31. Rd2 Qe7 32. Rd3 Rc7 33. Re3 Rg4 34. Kh2 Rcc4 35. b3 Rc7 36. Rd1 b5 37. axb5 axb5 38. Rd4 Rxd4 39. cxd4 b4 40. Kg2 Rc2 41. Qf4 Rc3 42. Rf3 Rxf3 43. Qxf3 Qa7 44. Qf4 Qc7 45. Qe3 Qc2 46. Kf3 Qd1+ 47. Kg2 Qc2 48. Qf3 Qd2 49. Qe3 Qc2 1/2-1/2


[Site "https://www.chess.com"]

[Event "Titled Tuesday Blitz March 01 Late 2022"]
[White "Celestino, Rafael Teixeira"]
[Black "Papayan, Oleg"]
[WhiteFideId "2108925"]
[BlackFideId "4193911"]
[WhiteElo "2260"]
[BlackElo "2038"]
[Result "1-0"]
[Round "09"]
[TimeControl "180+1"]
[Date "2022.03.02"]
[WhiteClock "0:00:03"]
[BlackClock "0:00:01"]

1. e4 e5 2. Nf3 Nc6 3. Bc4 Nf6 4. Ng5 Bc5 5. Bxf7+ Ke7 6. Bb3 d6 7. O-O Bg4 8. Qe1 Qe8 9. h3 Bh5 10. Ne6 Qg6 11. Nxc5 dxc5 12. d3 Bf3 13. g3 Nd4 14. Qe3 Qh5 15. Qg5 Ne2+ 16. Kh2 Rhf8 17. Qxh5 Nxh5 18. Bg5+ Kd6 19. Nc3 h6 20. Be3 Nd4 21. g4 Nf4 22. Bxf4 Rxf4 23. Nd5 Rff8 24. c3 Nxb3 25. axb3 a6 26. Kg3 Be2 27. Rfe1 Bxd3 28. c4 c6 29. Nc3 Ke6 30. Rad1 Bc2 31. Rc1 Bxb3 32. Ne2 Rad8 33. Rc3 Ba4 34. Nc1 Rd1 35. Ree3 Rfd8 36. Nd3 Bc2 37. Ne1 Ba4 38. Nd3 Rd2 39. f4 1-0


[Site "https://www.chess.com"]

[Event "Titled Tuesday Blitz March 01 Late 2022"]
[White "Chernomordik, Pavel"]
[Black "Kanyamarala, Tarun"]
[WhiteFideId "2804530"]
[BlackFideId "45004714"]
[WhiteElo "2249"]
[BlackElo "2144"]
[Result "1-0"]
[Round "09"]
[TimeControl "180+1"]
[Date "2022.03.02"]
[WhiteClock "0:02:06"]
[BlackClock "0:00:06"]

1. e4 c5 2. Nc3 Nc6 3. Bb5 Nd4 4. Bc4 e6 5. Nge2 Nf6 6. O-O d5 7. exd5 exd5 8. Nxd5 Nxd5 9. Nxd4 cxd4 10. Qh5 Be6 11. Re1 Be7 12. Rxe6 g6 13. Qe5 O-O 14. Bxd5 Bc5 15. d3 Rc8 16. Bh6 Re8 17. Qg7# 1-0


[Site "https://www.chess.com"]

[Event "Titled Tuesday Blitz March 01 Late 2022"]
[White "Clawitter, Craig"]
[Black "Elissalt Cardenas, Hector"]
[WhiteFideId "2023105"]
[BlackFideId "3500632"]
[WhiteElo "2238"]
[BlackElo "2159"]
[Result "0-1"]
[Round "09"]
[TimeControl "180+1"]
[Date "2022.03.02"]
[WhiteClock "0:00:01"]
[BlackClock "0:00:11"]

1. e4 d6 2. d4 Nf6 3. Nc3 e5 4. Nf3 Nbd7 5. Be3 Be7 6. h3 c6 7. a4 a5 8. g4 O-O 9. Bg2 b6 10. O-O Ba6 11. Re1 h6 12. Qd2 Qc7 13. g5 hxg5 14. Bxg5 Rfe8 15. Kh1 Nh5 16. Rg1 Nf8 17. Nh4 Bxg5 18. Qxg5 Nf4 19. dxe5 dxe5 20. Nf5 N8e6 21. Qg3 Kf8 22. Rad1 Rad8 23. Bf3 g6 24. Ne3 Rxd1 25. Rxd1 Rd8 26. h4 Rxd1+ 27. Bxd1 Qd8 28. Bg4 Nd4 29. h5 Qg5 30. hxg6 fxg6 31. Bd7 Qh6+ 32. Qh2 Qg7 33. Bg4 Ke7 34. Kg1 g5 35. Bf5 Nde2+ 0-1


[Site "https://www.chess.com"]

[Event "Titled Tuesday Blitz March 01 Late 2022"]
[White "Csonka, Balazs"]
[Black "Kosakowski, Jakub"]
[WhiteFideId "742910"]
[BlackFideId "1185080"]
[WhiteElo "2404"]
[BlackElo "2476"]
[Result "1/2-1/2"]
[Round "09"]
[TimeControl "180+1"]
[Date "2022.03.01"]
[WhiteClock "0:00:34"]
[BlackClock "0:02:40"]

1. e4 c5 2. Nf3 e6 3. d4 cxd4 4. Nxd4 Nc6 5. Nc3 Qc7 6. Be3 a6 7. Qd2 Nf6 8. f4 Bb4 9. Bd3 Na5 10. a3 Bxc3 11. Qxc3 Qxc3+ 12. bxc3 d5 13. exd5 exd5 14. Nb3 Nc4 15. Bd4 Ne4 16. Nc5 Nxc5 17. Bxc5 Bd7 18. O-O-O O-O-O 19. Bxc4 dxc4 20. Bb6 Rde8 21. Rd4 Bc6 22. Rhd1 1/2-1/2


[Site "https://www.chess.com"]

[Event "Titled Tuesday Blitz March 01 Late 2022"]
[White "Demchenko, Anton"]
[Black "Djokic, Mihailo"]
[WhiteFideId "4160258"]
[BlackFideId "976440"]
[WhiteElo "2539"]
[BlackElo "2008"]
[Result "0-1"]
[Round "09"]
[TimeControl "180+1"]
[Date "2022.03.01"]
[WhiteClock "0:00:04"]
[BlackClock "0:00:02"]

1. e4 c5 2. Nf3 d6 3. d4 cxd4 4. Nxd4 Nf6 5. Nc3 g6 6. Be3 Bg7 7. f3 O-O 8. Qd2 Nc6 9. O-O-O Bd7 10. Kb1 Rc8 11. h4 Ne5 12. h5 Nxh5 13. Bh6 Bxh6 14. Qxh6 Rxc3 15. bxc3 Qa5 16. g4 Nf6 17. Qe3 Rc8 18. Kb2 Qb6+ 19. Ka1 Qc5 20. c4 Be6 21. g5 Nh5 22. f4 Nxc4 23. Bxc4 Bxc4 24. c3 Qa5 25. Rh2 e5 26. fxe5 dxe5 27. Nf3 Be6 28. Rc1 Nf4 29. Rb2 b6 30. Ne1 Rd8 31. Rd2 Rd7 32. Rcd1 Rc7 33. Rc2 Kg7 34. Rdd2 Bb3 35. Rc1 Be6 36. Ng2 Qa3 37. Rdc2 Bb3 38. Nxf4 exf4 39. Qd4+ Kg8 40. Rb2 Qe7 41. e5 Be6 42. Qxf4 Rd7 43. Qf6 Qc5 44. Qf4 Rd5 45. Rd2 Rxd2 46. Qxd2 Qxe5 47. Qd4 Qxg5 48. c4 h5 49. c5 Qxc1# 0-1


[Site "https://www.chess.com"]

[Event "Titled Tuesday Blitz March 01 Late 2022"]
[White "Demidov, Mikhail"]
[Black "Martinez Alcantara, Jose Eduardo"]
[WhiteFideId "4197143"]
[BlackFideId "3805662"]
[WhiteElo "2525"]
[BlackElo "2690"]
[Result "1/2-1/2"]
[Round "09"]
[TimeControl "180+1"]
[Date "2022.03.01"]
[WhiteClock "0:00:06"]
[BlackClock "0:00:09"]

1. Nf3 c5 2. c3 Nf6 3. d4 e6 4. Bf4 d5 5. e3 Bd6 6. Bg3 Qc7 7. Nbd2 Nbd7 8. Bb5 O-O 9. O-O a6 10. Bxd7 Bxd7 11. Bxd6 Qxd6 12. Ne5 Bb5 13. Re1 a5 14. Qb3 Ba6 15. Qa3 b6 16. Rac1 Rfd8 17. h3 h6 18. Qa4 Rdc8 19. Qa3 Qc7 20. b3 Nd7 21. Nxd7 Qxd7 22. dxc5 Rxc5 23. b4 Rcc8 24. bxa5 bxa5 25. Rb1 Qc7 26. Rec1 Bd3 27. Rb2 Rab8 28. Rxb8 Rxb8 29. Nb3 Ra8 30. Qa4 Bc4 31. Nd4 Qb6 32. Nb3 Qb5 33. Qa3 e5 34. Nd2 Bd3 35. Nf3 f6 36. Nd2 a4 37. Qd6 Kh7 38. Re1 Rc8 39. Nf3 Rxc3 40. Rd1 Be4 41. Nd2 Bg6 42. Nf3 Rc5 43. Nh4 Be4 44. f3 Bc2 45. Re1 Qc6 46. Qe7 Qc7 47. Qe6 Qc6 48. Qe7 Qc7 49. Qe6 d4 50. e4 Rc6 51. Qf5+ Kg8 52. Qg6 d3 53. Qe8+ Kh7 54. Qg6+ Kh8 55. Qe8+ Kh7 56. Qg6+ Kg8 57. Qe8+ Kh7 1/2-1/2


[Site "https://www.chess.com"]

[Event "Titled Tuesday Blitz March 01 Late 2022"]
[White "Desideri, Ricardo Maruchi"]
[Black "Sarkar, Justin"]
[WhiteFideId "2110440"]
[BlackFideId "2010011"]
[WhiteElo "1945"]
[BlackElo "2038"]
[Result "0-1"]
[Round "09"]
[TimeControl "180+1"]
[Date "2022.03.02"]
[WhiteClock "0:00:04"]
[BlackClock "0:00:04"]

1. e4 e5 2. Nf3 Nc6 3. d4 exd4 4. Nxd4 Nf6 5. f3 d5 6. Bb5 Bd7 7. Bxc6 bxc6 8. e5 Ng8 9. O-O c5 10. Nb3 Be6 11. Nc3 c4 12. Nd4 c5 13. Nxe6 fxe6 14. Bf4 Ne7 15. Nb5 Ng6 16. Bg3 Qb6 17. a4 a6 18. Nd6+ Bxd6 19. exd6 O-O 20. Re1 Rae8 21. a5 Qc6 22. b3 c3 23. Ra4 e5 24. Rg4 Qxd6 25. Qd3 d4 26. Qe4 Qd7 27. Rxg6 hxg6 28. Qxg6 Qe6 29. Qe4 c4 30. bxc4 Qxc4 31. Bxe5 Rf7 32. Qg4 Qe6 33. Qxd4 Qf5 0-1


[Site "https://www.chess.com"]

[Event "Titled Tuesday Blitz March 01 Late 2022"]
[White "Dobre, Claudiu-Cristian"]
[Black "Novikova, Galina"]
[WhiteFideId "1211854"]
[BlackFideId "4157095"]
[WhiteElo "2207"]
[BlackElo "1863"]
[Result "1-0"]
[Round "09"]
[TimeControl "180+1"]
[Date "2022.03.02"]
[WhiteClock "0:00:49"]
[BlackClock "0:01:02"]

1. c4 f5 2. Nf3 e6 3. d4 Nf6 4. g3 Be7 5. Bg2 O-O 6. O-O d6 7. b3 Nc6 8. Bb2 Qe8 9. Nfd2 e5 10. e3 e4 11. a3 a5 12. Nc3 Qg6 13. f3 exf3 14. Qxf3 Ng4 15. Nd5 Bg5 16. h3 Nh6 17. Nxc7 f4 18. exf4 Qc2 19. Qc3 Nxd4 20. Qxc2 Nxc2 21. fxg5 Nxa1 22. Rxf8+ Kxf8 23. Nxa8 Nf5 24. Bxa1 Nxg3 25. Kf2 Nh5 26. Ke3 a4 27. b4 Bf5 28. Nc7 Bc2 29. Nd5 Ng3 30. Ne4 Nf5+ 31. Kf4 g6 32. Ne3 Nh4 33. Nxd6 Bb3 34. Nxb7 Ke7 35. Na5 Ba2 36. Bc3 Kd7 37. Be1 Nf5 38. Nxf5 gxf5 39. Bf1 Bb1 40. c5 1-0


[Site "https://www.chess.com"]

[Event "Titled Tuesday Blitz March 01 Late 2022"]
[White "Dourerassou, Jonathan"]
[Black "Voit, Daria"]
[WhiteFideId "628050"]
[BlackFideId "4182146"]
[WhiteElo "2513"]
[BlackElo "2323"]
[Result "1-0"]
[Round "09"]
[TimeControl "180+1"]
[Date "2022.03.01"]
[WhiteClock "0:01:54"]
[BlackClock "0:00:43"]

1. e4 c6 2. Nc3 d5 3. Nf3 dxe4 4. Nxe4 Nf6 5. Nxf6+ exf6 6. d4 Bd6 7. Bd3 O-O 8. O-O Bg4 9. h3 Bh5 10. c3 Re8 11. Be3 Bc7 12. Re1 Nd7 13. Be2 Nf8 14. Nh4 Bg6 15. Nxg6 Nxg6 16. Bc4 Qd6 17. g3 Qd7 18. Kg2 Ne7 19. Qh5 g6 20. Bxf7+ Kxf7 21. Qxh7+ Ke6 22. Bg5+ Kf5 23. Bd2 Qd5+ 24. Kg1 1-0


[Site "https://www.chess.com"]